 Dungeon Crawl Stone Soup version 0.28-b1-1-g3c77fb2ed1 (webtiles) character file.

Game seed: 12932654279635337446

84 Descartes the Skirmisher (level 4, -1/39 HPs)
             Began as a Demonspawn Cinder Acolyte on Jan 28, 2022.
             Slain by a fire elemental (12 damage)
             ... created by the fiery vengeance of Ignis
             ... on level 2 of the Dungeon.
             The game lasted 00:02:59 (1579 turns).

Descartes the Skirmisher (DsCA)                     Turns: 1579, Time: 00:03:00

Health: -1/39      AC:  8    Str: 14    XL:     4   Next: 23%
Magic:  5/5        EV:  8    Int: 16    God:
Gold:   103        SH:  0    Dex: 10    Spells: 5/5 levels left

rFire   . . .      SeeInvis .   a - -1 hand axe (flame)
rCold   . . .      Faith    .   (no shield)
rNeg    . . .      Spirit   .   e - +0 scale mail
rPois   .          Reflect  .   (no helmet)
rElec   .          Harm     .   (no cloak)
rCorr   .          Rampage  .   (no gloves)
Will    .....                   (no boots)
Stlth   ..........              (no amulet)
HPRegen 0.13/turn               (no ring)
MPRegen 0.09/turn               (no ring)

@: confused, fire susceptible
A: molten scales 1, demonic touch 1
a: no special abilities


You were on level 2 of the Dungeon.
You visited 1 branch of the dungeon, and saw 2 of its levels.

You collected 103 gold pieces.

Inventory:

Hand Weapons
 a - a -1 hand axe of flaming (weapon)
Armour
 b - a +0 robe
 e - a +0 scale mail (worn)
Scrolls
 c - a scroll of amnesia {unknown}
 d - 3 scrolls of identify {unknown}
 g - a scroll of teleportation {unknown}
Potions
 f - a potion of attraction {unknown}


   Skills:
 + Level 5.1 Fighting
 - Level 2.6 Axes
 - Level 1.0 Spellcasting
 - Level 2.6 Fire Magic


You had 5 spell levels left.
You didn't know any spells.
Your spell library contained the following spells:

 Spells                   Type           Power      Damage    Failure   Level
 Scorch                   Fire           18%        2d5       45%         2


Dungeon Overview and Level Annotations

Branches:
Dungeon (2/15)

Altars:
Ashenzari

Annotations:
D:2 1 runed translucent door, Crazy Yiuf


Innate Abilities, Weirdness & Mutations

You are partially covered in molten scales. (AC +2)
Your touch may inflict minor irresistible damage on your foes.


Message History

No target in view!
No target in view!
No target in view!
Things that are here:
a +0 club; a +0 hunting sling; 21 stones You see here 16 stones.
You see here 16 stones.
Things that are here:
a +0 club; a +0 hunting sling; 21 stones
There is an open door here. "Burn!
Burn until nothing is left!"
The divine experience confuses you!
You are confused. 2 fire elementals come into view.
You are too confused!
You are too confused!
You are too confused!
You are too confused!
You are too confused!
You are too confused!
You are too confused!
You are too confused!
You are too confused!
You are too confused!
You are too confused!
You are too confused!
You are too confused!
You are too confused!
You are too confused!
You are too confused!
You are too confused!
You are too confused!
You're too confused to move!
The fire elemental hits you. The fire elemental burns you!
The fire elemental barely misses you. The fire elemental hits you.
The fire elemental burns you! The fire elemental barely misses you.
The fire elemental hits you. The fire elemental burns you!
The fire elemental closely misses you. The fire elemental hits you.
* * * LOW HITPOINT WARNING * * *
The fire elemental burns you!
You die...

....# ##'## #.# #..# +..'#
##...## #.# #..# ....♣
##.....## #.###..# ...♣♣
##.......## #.#.#(.# ♣.♣♣
####.........###......####
.♣♣
#..'.........'...........#
♣.♣
####>........###......##.#
♣.♣♣ ##..○E.<.##
##..#.###.# ♣♣.♣ ##○.E@.##
#.##.# #.# #+# ##...##
#.#..# #.# ... ##'## #.#.##
#.# #...# #.# #.#.####.#
#..)# #.# #........# #####
########.## ###.######
#.........####### #.# ###
########.....##...###.#
#.###.#######...##.###.##.#


You could see 2 fire elementals.

Vanquished Creatures
  A water moccasin skeleton (D:2)
  Natasha (D:2)
  A ball python (D:1)
  An endoplasm (D:1)
  3 giant cockroaches (D:1)
  A kobold (D:1)
  A frilled lizard (D:1)
  3 goblins
12 creatures vanquished.

Vanquished Creatures (others)
  8 foxfires (D:1)
8 creatures vanquished.

Grand Total: 20 creatures vanquished

Notes
Turn   | Place    | Note
-------+----------+-------------------------------------------
     0 | D:1      | Descartes the Demonspawn Cinder Acolyte began the quest for
                  | the Orb.
     0 | D:1      | Reached XP level 1. HP: 18/18 MP: 2/2
    21 | D:1      | Found a faded altar of an unknown god.
    35 | D:1      | Prayed at the altar of an unknown god.
    35 | D:1      | Fell from the grace of Ignis
    35 | D:1      | Became a worshipper of Ashenzari the Shackled
    49 | D:1      | Fell from the grace of Ashenzari
   380 | D:1      | Gained mutation: Your touch may inflict minor irresistible
                  | damage on your foes. [demonic ancestry]
   380 | D:1      | Reached XP level 2. HP: 17/24 MP: 3/3
   824 | D:2      | Was forgiven by Ashenzari
   824 | D:2      | Reached skill level 4 in Fighting
   824 | D:2      | Reached XP level 3. HP: 10/32 MP: 4/4
  1050 | D:2      | Noticed Natasha
  1061 | D:2      | Killed Natasha
  1062 | D:2      | Reached skill level 5 in Fighting
  1062 | D:2      | Gained mutation: You are partially covered in molten
                  | scales. (AC +2) [demonic ancestry]
  1062 | D:2      | Reached XP level 4. HP: 34/39 MP: 5/5
  1391 | D:2      | Found a runed translucent door.
  1392 | D:2      | Noticed Crazy Yiuf
  1575 | D:2      | Noticed a fire elemental
  1575 | D:2      | Noticed a fire elemental
  1579 | D:2      | Slain by a fire elemental

Illustrated notes

Levels and vault maps discovered:
D:1:      amcnicky_arrival_underground_garden, layout_basic,
          shapermc_ecumenical_altar_pompeii, serial_park_tiny_2,
          minmay_door_square, kennysheep_crisscross
D:2:      layout_loops_corners, palyth_stone_intersect,
          kennysheep_generic_room_3, uniq_crazy_yiuf_cottage, uniq_natasha

Skill      XL: |  1  2  3 |
---------------+----------+-----
Fighting       | 4 5 |  5.1
Axes           | |  2.6
Spellcasting   | |  1.0
Fire Magic     | |  2.6

Action                   |  1- 3 |  4- 6 || total
-------------------------+-------+-------++-------
Melee: Hand axe          |    43 |     2 ||    45
       Touch             |     4 |     1 ||     5
       Punch             |     1 |       ||     1
Invok: Foxfire Swarm     |     1 |       ||     1
       Renounce Religion |     1 |       ||     1
Armor: Robe              |     5 |       ||     5
       Scale mail        |     9 |     6 ||    15
Dodge: Dodged            |    22 |     5 ||    27
